 Dungeon Crawl Stone Soup version 0.31-a0-833-gc15d34cb79 (webtiles) character file.

Game seed: 18131630302456885627

9 Bravepunisher the Ducker (level 2, -4/16 HPs)
             Began as a Spriggan Monk on Sept 25, 2023.
             Slain by an ufetubus (5 damage)
             ... on level 5 of the Dungeon.
             The game lasted 00:02:48 (457 turns).

Bravepunisher the Ducker (Spriggan Monk)             Turns: 457, Time: 00:02:49

Health: -4/16      AC:  2    Str:  7    XL:     2   Next: 3%
Magic:  3/3        EV: 19    Int: 11    God:
Gold:   9          SH:  0    Dex: 17    Spells: 1/1 levels left

rFire   . . .        a - +0 short sword
rCold   . . .        (no shield)
rNeg    . . .        b - +0 robe
rPois   .            (helmet restricted)
rElec   .            (no cloak)
rCorr   .            (gloves unavailable)
SInv    +            (boots unavailable)
Will    .....        (no amulet)
Stlth   ++           (no ring)
HPRegen 0.22/turn    (no ring)
MPRegen 0.08/turn

%: no passive effects
@: very quick
A: very small, no large weapons, unfitting armour, see invisible, speed 3
a: no special abilities


You were on level 5 of the Dungeon.
You visited 1 branch of the dungeon, and saw 5 of its levels.

You collected 9 gold pieces.

Inventory:

Hand Weapons
 a - a +0 short sword (weapon)
 f - the +6 dagger of Desertification {pain, *Corrode +Blink rPois Will+}
   (You found it on level 2 of the Dungeon)

   rPois:     It protects you from poison Will+: It increases your willpower.
   +Blink:    It lets you blink.
   *Corrode:  It may corrode you when you take damage.
Armour
 b - a +0 robe (worn)
 g - a +2 robe of positive energy
Jewellery
 e - an amulet of reflection
Potions
 c - a potion of ambrosia
 d - a potion of cancellation {unknown}


   Skills:
 * Level 2.8 Fighting
 - Level 3.2 Short Blades
 + Level 4.2 Dodging


You had one spell level left.
You didn't know any spells.
Your spell library was empty.

Dungeon Overview and Level Annotations

Branches:
Dungeon (5/15)
 Temple: D:4-7

Altars:
Dithmenos


Innate Abilities, Weirdness & Mutations

You are very small and have problems with some larger weapons.
You are too small for most types of armour.
You have supernaturally acute eyesight. (SInv)
You cover ground extremely quickly. (Speed+++)


Message History

You see here a +0 giant club.
The ufetubus completely misses you. The ufetubus closely misses you.
The ufetubus hits you. The ufetubus barely misses you.
There is a stone staircase leading down here.
The ufetubus barely misses you. The ufetubus hits you.
The ufetubus misses you. x2
You climb downwards.
There is a stone staircase leading up here.
Found a robe.
You open the door.
An ufetubus comes into view.
The ufetubus shouts!
There is an open door here.
The ufetubus hits you. x2
A jelly comes into view.
Found a scale mail.
The ufetubus attacks as it pursues you! The ufetubus barely misses you.
The ufetubus hits you but does no damage.
You open the door. The ufetubus barely misses you.
The ufetubus completely misses you.
There is an open door here.
The ufetubus attacks as it pursues you! The ufetubus misses you.
The ufetubus hits you. The ufetubus attacks as it pursues you!
The ufetubus completely misses you. The ufetubus misses you.
The ufetubus attacks as it pursues you! The ufetubus misses you.
The ufetubus hits you.
* * * LOW HITPOINT WARNING * * *
Found a runed robe.
You see here a +2 robe of positive energy.
g - a +2 robe of positive energy You open the door.
Found an escape hatch in the floor.
The ufetubus attacks as it pursues you! The ufetubus hits you. x2
* * * LOW HITPOINT WARNING * * *
There is an open door here.
The ufetubus attacks as it pursues you! The ufetubus hits you.
* * * LOW HITPOINT WARNING * * *
The ufetubus completely misses you. The ufetubus attacks as it pursues you!
The ufetubus hits you.
You die...

#..# #..# ##+## #..###
##...## .... ##.....##
##.## ##.......##
#####...####.........#
...........+.........+
#####...####.........#
#........##...@...#
#.##.###.###..5..##
#.##.# #.# ##...##
#.##.# #.# ##5##
#....###.## #.#
#.........# #.#
#....5..5.# ##.#######
#..######.###.........
##..######.##.....#####


You could see 2 ufetubi.

Vanquished Creatures
  2 endoplasms (D:1)
  A goblin (D:4)
  2 kobolds
  2 quokkas
7 creatures vanquished.

Vanquished Creatures (others)
  A quokka (D:4)
1 creature vanquished.

Grand Total: 8 creatures vanquished

Notes
Turn   | Place    | Note
-------+----------+-------------------------------------------
     0 | D:1      | Bravepunisher the Spriggan Monk began the quest for the
                  | Orb.
     0 | D:1      | Reached XP level 1. HP: 11/11 MP: 2/2
   159 | D:2      | Identified the +6 dagger of Desertification {pain, *Corrode
                  | +Blink rPois Will+}
   217 | D:4      | Found a shadowy altar of Dithmenos.
   235 | D:4      | Reached XP level 2. HP: 16/16 MP: 3/3
   353 | D:5      | Entered Level 5 of the Dungeon
   457 | D:5      | Slain by an ufetubus

Illustrated notes

Levels and vault maps discovered:
D:1:      amcnicky_arrival_abandoned_market, layout_basic,
          shapermc_ecumenical_altar_gd, minmay_cupped
D:2:      layout_basic, serial_corexii_hall, chequers_hall_statues_corner_a,
          corexii_hall_statues_l, corexii_leaking_fountain
D:3:      layout_basic, led_sif_pool
D:4:      layout_loops_ring, grunt_dithmenos_smoke_and_mirrors,
          elyvilon_altar_4, uniq_grinder
D:5:      layout_loops_corners, nicolae_figureground_sparkle

Action                     || total
---------------------------++-------
  Melee: Short sword       ||    44
         Punch             ||     1
   Stab: Sleeping          ||     1
 Armour: Robe              ||    19
  Dodge: Dodged            ||    68

Table legend: (Time is in decaauts)
 A = Elapsed time spent in this place.
 B = Non-inter-level travel time spent in this place.
 C = Inter-level travel time spent in this place.
 D = Time resting spent in this place.
 E = Time spent auto-exploring this place.
 F = Levels seen in this place.
 G = Mean time per level.
                   A        B        C        D        E       F      G
               +--------+--------+--------+--------+--------+-----+--------+
         Total |    309 |    309 |      0 |      0 |     73 |   5 |   61.8 |
       Dungeon |    309 |    309 |      0 |      0 |     73 |   5 |   61.8 |
               +--------+--------+--------+--------+--------+-----+--------+

Top non-repeatable levels by time:
     D:4: 100 daAuts
     D:1: 83 daAuts
     D:5: 58 daAuts
     D:2: 49 daAuts
     D:3: 19 daAuts
